 Dungeon Crawl Stone Soup version 0.18.1-6-gd335043 (webtiles) character file.

287 Herrn the Skirmisher (level 6, -3/49 HPs)
             Began as a Formicid Fighter on May 19, 2016.
             Slain by a crocodile (14 damage)
             ... on level 4 of the Dungeon.
             The game lasted 00:04:58 (2372 turns).

Herrn the Skirmisher (Formicid Fighter)             Turns: 2372, Time: 00:04:59

Health: -3/49      AC: 12    Str: 19 (22) XL:     6   Next: 56%
Magic:  6/6        EV:  9    Int: 11 (13) God:
Gold:   91         SH:  9    Dex: 12 (15) Spells: 0 memorised, 5 levels left

rFire  . . .     SeeInvis +     a - +0 war axe
rCold  . . .     Gourm    .     r - +0 plate armour
rNeg   . . .     Faith    .     c - +0 shield
rPois  .         Spirit   .     (helmet unavailable)
rElec  .         Dismiss  .     (no cloak)
rCorr  .         Reflect  .     (no gloves)
SustAt .         Harm     .     (no boots)
MR     .....                    (no amulet)
Stlth  ..........               (no ring)
                                (no ring)

@: brilliant, agile, flying, not resistant to hostile enchantments, extremely
unstealthy
A: permanent stasis, dig shafts and tunnels, four strong arms, antennae 3
a: Dig, Shaft Self


You were on level 4 of the Dungeon.
You were very hungry.

You visited 1 branch of the dungeon, and saw 4 of its levels.

You collected 91 gold pieces.

Inventory:

Hand Weapons
 a - a +0 war axe (weapon)
Armour
 b - a +0 scale mail
 c - a +0 shield (worn)
 r - a +0 plate armour (worn)
Scrolls
 d - a scroll of remove curse {unknown}
 j - a scroll of recharging {unknown}
 m - a scroll of magic mapping {unknown}
 o - 2 scrolls of teleportation {unknown}
 s - 4 scrolls of identify {unknown}
 t - a scroll of enchant weapon {unknown}
Potions
 n - a potion of cancellation
Comestibles
 f - 5 bread rations
 i - 8 fruits
 p - 2 meat rations
 q - 2 beef jerkies


   Skills:
 + Level 4.7 Fighting
 + Level 3.8 Axes
 + Level 4.5 Armour
 + Level 1.0 Dodging
 + Level 4.7 Shields


You had 5 spell levels left.
You didn't know any spells.

Dungeon Overview and Level Annotations

Branches:
Dungeon (4/15)
 Temple: D:4-7

Altars:


Innate Abilities, Weirdness & Mutations

You are under a permanent stasis effect.
You can dig through walls and to a lower floor.
Your four strong arms can wield two-handed weapons with a shield.
You have a pair of large antennae on your head (SInv).


Message History

You are too injured to fight recklessly!
You are too injured to fight recklessly!
You are too injured to fight recklessly!
You are too injured to fight recklessly!
You are too injured to fight recklessly!
You are too injured to fight recklessly!
You are too injured to fight recklessly!
You hit the crocodile but do no damage.
The crocodile is severely wounded.
You block the crocodile's attack.
You closely miss the crocodile.
The crocodile is severely wounded.
The crocodile barely misses you.
Your shield and plate armour prevent you from hitting the crocodile.
The crocodile is severely wounded.
You block the crocodile's attack. x2
You closely miss the crocodile.
The crocodile is heavily wounded.
The crocodile bites you!
You die...

######## #......#
#.####.# #.#<...#####
#@##.......####
#.....t..+...........
#.......##.....)....#
##########..........#
.............
##.#######...# ...{
...# ###. .[# .#


You could see a crocodile.

Vanquished Creatures
  Grinder (D:3)
  2 adders
  2 dart slugs
  5 worms
  4 giant geckos
  2 orcs (D:3)
  3 ball pythons
  4 giant cockroaches (D:3)
  8 goblins
  4 hobgoblins
  3 jackals (D:1)
  5 kobolds
  6 bats
  4 giant newts
  5 rats
58 creatures vanquished.

Notes
Turn   | Place    | Note
--------------------------------------------------------------
     0 | D:1      | Herrn the Formicid Fighter began the quest for the Orb.
     0 | D:1      | Reached XP level 1. HP: 18/18 MP: 1/1
   126 | D:1      | Reached XP level 2. HP: 24/24 MP: 2/2
   467 | D:1      | Reached XP level 3. HP: 29/29 MP: 3/3
  1297 | D:3      | Reached XP level 4. HP: 26/37 MP: 4/4
  1469 | D:3      | Noticed Grinder
  1483 | D:3      | Killed Grinder
  1483 | D:3      | Reached skill level 1 in Dodging
  1483 | D:3      | Reached XP level 5. HP: 43/43 MP: 5/5
  1483 | D:3      | Reached XP level 6. HP: 49/49 MP: 6/6
  2372 | D:4      | Slain by a crocodile

Skill      XL: |  1  2  3  4 |
---------------+-------------+-----
Shields        | 4 |  4.7
Fighting       | 4 |  4.7
Axes           | 3 |  3.8
Armour         | 4 |  4.5
Dodging        | 1 |  1.0

Action                   |  1- 3 |  4- 6 || total
-------------------------+-------+-------++-------
Melee: War axe           |   111 |    92 ||   203
  Use: Potion            |       |    11 ||    11
  Eat: Chunk             |       |     4 ||     4
Armor: Scale mail        |    47 |       ||    47
       Plate armour      |     9 |    40 ||    49
Dodge: Dodged            |    51 |    11 ||    62
Block: Shield            |    64 |    45 ||   109
